 Dungeon Crawl Stone Soup version 0.28.0-49-g6dfe1f597d (webtiles) character file.

Game seed: 405797546533109207

292 Gabide the Poker (level 6, -3/47 HPs)
             Began as a Human Monk on May 13, 2022.
             Slain by an ogre
             ... wielding a +0 giant club
              (11 damage)
             ... on level 4 of the Dungeon.
             The game lasted 00:07:37 (4869 turns).

Gabide the Poker (Human Monk)                       Turns: 4869, Time: 00:07:38

Health: -3/47      AC:  6    Str: 14    XL:     6   Next: 59%
Magic:  6/6        EV: 11    Int: 10    God:
Gold:   121        SH:  6    Dex: 15    Spells: 5/5 levels left

rFire   . . .      SeeInvis .   a - +0 spear
rCold   . . .      Faith    .   i - +1 buckler
rNeg    . . .      Spirit   .   b - +0 ring mail
rPois   .          Reflect  .   (no helmet)
rElec   .          Harm     .   (no cloak)
rCorr   .          Rampage  .   l - +0 pair of gloves
Will    .....                   (no boots)
Stlth   +.........              (no amulet)
HPRegen 0.15/turn               (no ring)
MPRegen 0.10/turn               (no ring)

@: no status effects
A: no striking features
a: no special abilities


You were on level 4 of the Dungeon.
You visited 1 branch of the dungeon, and saw 4 of its levels.

You collected 121 gold pieces.

Inventory:

Hand Weapons
 a - a +0 spear (weapon)
Armour
 b - a +0 ring mail (worn)
 i - a +1 buckler (worn)
 l - a +0 pair of gloves (worn)
Potions
 c - a potion of flight
 d - a potion of cancellation
 j - a potion of haste {unknown}
 m - 3 potions of attraction


   Skills:
 - Level 3.0 Fighting
 + Level 5.1 Polearms
 - Level 3.0 Armour
 - Level 3.0 Dodging
 - Level 2.0 Stealth
 - Level 3.0 Shields


You had 5 spell levels left.
You didn't know any spells.
Your spell library contained the following spells:

 Spells                   Type           Power      Damage    Failure   Level
 Summon Small Mammal      Summ           0%         N/A       69%         1
 Call Canine Familiar     Summ           0%         N/A       96%         3
 Summon Guardian Golem    Hex/Summ       0%         N/A       96%         3


Dungeon Overview and Level Annotations

Branches:
Dungeon (4/15)
 Temple: D:4-7

Altars:
Cheibriados


Message History

The ogre is heavily wounded.
The ogre barely misses you.
You hit the ogre.
The ogre is severely wounded.
The ogre hits you with a +0 giant club!
You hit the ogre.
The ogre is severely wounded.
You hit the ogre but do no damage.
The ogre is severely wounded.
The ogre hits you with a +0 giant club!
You are too injured to fight recklessly!
You are too injured to fight recklessly!
You are too injured to fight recklessly!
You are too injured to fight recklessly!
You are too injured to fight recklessly!
You are too injured to fight recklessly!
You are too injured to fight recklessly!
You are too injured to fight recklessly!
You are too injured to fight recklessly!
You are too injured to fight recklessly!
You are too injured to fight recklessly!
You are too injured to fight recklessly!
You are too injured to fight recklessly!
You are too injured to fight recklessly!
You are too injured to fight recklessly!
You are too injured to fight recklessly!
You barely miss the ogre.
The ogre is severely wounded.
You block the ogre's attack. The white imp gestures at you.
The puff of frost hits you.
* * * LOW HITPOINT WARNING * * *
The orc throws a boomerang.
The boomerang barely misses you. The white imp gestures at you.
The puff of frost hits you.
* * * LOW HITPOINT WARNING * * *
As you read the scroll labelled BEPAGITU LURAC, it crumbles to dust.
You feel aware of your surroundings.
You sensed 1 altar.
It was a scroll of magic mapping.
The ogre hits you with a +0 giant club!
You die...

*,*+,,,,,+,,,#..............(...,
*,**,,,,,*,,,#..................,
*,**,,,,,*,,,#.......†..........,
*,***,****,,,#........##......##*
*,***,******+#........#..####...*
,,,*,,,*,,,,,+..........##*****.,
,,,*,,,*,,,,,#.........##*#...##.
,,,**,,*,,,,,#.........#**:.....#
,,,,*,,*,,,,,#..@O.Z...#*,.......
*,*,**,*,,,,,#.....s...##,.......
*,*,,***,,,,,#..........#,.......
*,**,,,******#.....5o.h.##Z....$.
,,,***,,,,***##..........#†h.....
,8,,,****,,,..............#,,,,,,
,,,***,,,,**###..................
*,**,,,****,,....................
*,*,,***,,,,..################...


You could see a black bear, an ogre, a scorpion, a white imp, an orc and a hound
zombie.

Vanquished Creatures
  A phantom (D:3)
  A hound (D:3)
  An iguana (D:3)
  An orc wizard (D:3)
  3 gnolls
  4 adders
  2 worms
  A dart slug (D:4)
  4 orcs (D:3)
  7 ball pythons
  6 endoplasms
  5 giant cockroaches
  4 goblins
  9 hobgoblins
  2 jackals (D:1)
  2 kobolds (D:1)
  2 quokkas (D:1)
  4 bats
  A frilled lizard (D:1)
  3 rats
63 creatures vanquished.

Notes
Turn   | Place    | Note
-------+----------+-------------------------------------------
     0 | D:1      | Gabide the Human Monk began the quest for the Orb.
     0 | D:1      | Reached XP level 1. HP: 18/18 MP: 1/1
   176 | D:1      | Reached skill level 1 in Armour
   176 | D:1      | Reached XP level 2. HP: 13/24 MP: 2/2
   615 | D:1      | Found a faded altar of an unknown god.
   681 | D:1      | Reached XP level 3. HP: 29/29 MP: 3/3
  1076 | D:1      | You fall into a shaft and drop 1 floor!
  1566 | D:2      | Reached XP level 4. HP: 13/35 MP: 4/4
  2170 | D:2      | Reached skill level 1 in Shields
  2522 | D:3      | Reached XP level 5. HP: 40/41 MP: 5/5
  2974 | D:3      | Found a snail-covered altar of Cheibriados.
  3200 | D:4      | Noticed a phantom
  3330 | D:3      | Killed a phantom
  3331 | D:3      | Reached skill level 4 in Polearms
  3626 | D:3      | Reached XP level 6. HP: 27/47 MP: 6/6
  4734 | D:4      | Reached skill level 5 in Polearms
  4846 | D:4      | Noticed a black bear
  4847 | D:4      | Noticed an ogre
  4869 | D:4      | Slain by an ogre

Illustrated notes

Levels and vault maps discovered:
D:1:      tarquinn_simple_flora_water_e, layout_basic,
          hellmonk_ecumenical_altar_crossroads
D:2:      layout_basic, kennysheep_generic_room_14
D:3:      layout_loops_ring, slow_altar_2
D:4:      minmay_general_purpose_star, layout_gridville, okawaru_gym_becter,
          minmay_manual_moon

Skill      XL: |  1  2  3  4  5  6 |
---------------+-------------------+-----
Armour         | 1 2 3 |  3.0
Shields        | 1 3 |  3.0
Polearms       | 4 5 |  5.1
Fighting       | |  3.0
Dodging        | |  3.0
Stealth        | |  2.0

Action                   |  1- 3 |  4- 6 || total
-------------------------+-------+-------++-------
Melee: Spear             |   173 |   256 ||   429
       Punch             |     1 |       ||     1
  Use: Potion            |       |     6 ||     6
       Scroll            |       |     6 ||     6
 Stab: Sleeping          |     2 |       ||     2
Armor: Leather armour    |     3 |       ||     3
       Ring mail         |    45 |    63 ||   108
       Skin              |       |     6 ||     6
Dodge: Dodged            |    75 |    95 ||   170
Block: Buckler           |       |    50 ||    50
